 Dungeon Crawl Stone Soup version 0.29-a0-813-g4a14ea37d6 (webtiles) character file.

Game seed: 7492318477329259688

506 lesbiats the Ducker (level 6, 25/25 HPs)
             Began as a Felid Ice Elementalist on July 4, 2022.
             Was a Priest of Hepliaklqana.
             Quit the game on level 6 of the Dungeon.
             The game lasted 00:44:13 (7525 turns).

lesbiats the Ducker (Felid Ice Elementalist)        Turns: 7525, Time: 00:44:13

Health: 25/25      AC:  2    Str: 12    XL:     6   Next: 97%
Magic:  14/14      EV: 20    Int: 16    God:    Hepliaklqana [***...]
Gold:   242        SH:  0    Dex: 15    Spells: 3/14 levels left
                                        Lives:  0   Deaths: 2

rFire   . . .      SeeInvis +   (weapon unavailable)
rCold   . . .      Faith    .   (shield unavailable)
rNeg    . . .      Spirit   .   (body armour unavailable)
rPois   .          Reflect  .   (helmet unavailable)
rElec   .          Harm     .   (cloak unavailable)
rCorr   .          Rampage  .   (gloves unavailable)
Will    .....                   (boots unavailable)
Stlth   +++.......              w - amulet of the acrobat
HPRegen 0.08/turn               (no ring)
MPRegen 0.14/turn               (no ring)

@: quick
A: reduced essence, very small, claws 1, fangs 3, see invisible, speed 1, shaggy
fur 2, stealthy paws, no weapons or thrown items, no armour, multi-lived, strong
2
a: Renounce Religion, Recall Ancestor, Ancestor Identity, Transference


You were on level 6 of the Dungeon.
You worshipped Hepliaklqana.
Hepliaklqana was most pleased with you.
You visited 1 branch of the dungeon, and saw 6 of its levels.

You collected 242 gold pieces.

Inventory:

Jewellery
 p - the amulet of Ylician {Reflect rC- Dex+5 SH+5 Stlth+}
   (You found it on level 3 of the Dungeon)

   [amulet of reflection]

   It reflects blocked missile attacks.
   Dex:       It affects your dexterity (+5).
   rC:        It makes you vulnerable to cold.
   SH:        It affects your SH (+5).
   Stlth:     It makes you more stealthy.
 w - an amulet of the acrobat (around neck)
Wands
 k - a wand of polymorph (7)
 r - a wand of charming (22)
 t - a wand of digging (2)
Scrolls
 d - a scroll of fear {unknown}
 j - 2 scrolls of enchant weapon {unknown}
 l - 5 scrolls of teleportation
 m - 2 scrolls of amnesia {unknown}
 o - a scroll of vulnerability {unknown}
 q - a scroll of enchant armour {unknown}
 s - a scroll of magic mapping {unknown}
Potions
 a - a potion of magic
 b - a potion of invisibility {unknown}
 c - 3 potions of attraction
 e - 2 potions of heal wounds {unknown}
 f - a potion of haste {unknown}
 g - 3 potions of might
 h - 2 potions of ambrosia
 i - 2 potions of curing
 n - a potion of degeneration {unknown}
 u - a potion of flight {unknown}
 v - a potion of brilliance {unknown}
 x - a potion of lignification {unknown}


   Skills:
 - Level 3.0 Fighting
 * Level 6.8 Dodging
 + Level 5.4 Stealth
 + Level 4.7 Spellcasting
 * Level 2.3 Conjurations
 + Level 4.9 Ice Magic
 + Level 2.6 Invocations


You had 3 spell levels left.
You knew the following spells:

 Your Spells              Type           Power      Damage    Failure   Level
a - Freeze                Ice            76%        1d9       1%          1
b - Frozen Ramparts       Ice            38%        1d5       6%          3
c - Ozocubu's Armour      Ice            19%        N/A       6%          3
d - Hailstorm             Conj/Ice       15%        3d5       34%         4

Your spell library contained the following spells:

 Spells                   Type           Power      Damage    Failure   Level
 Sting                    Tmut/Pois      12%        1d3       16%         1
 Poisonous Vapours        Pois/Air       6%         N/A       24%         2
 Olgreb's Toxic Radiance  Pois           3%         N/A       83%         4


Dungeon Overview and Level Annotations

Branches:
Dungeon (6/15)             Temple (0/1) D:5

Altars:
Dithmenos
Elyvilon
Hepliaklqana
Kikubaaqudgha
Makhleb
Nemelex Xobeh
Qazlal
Ru
Trog
Vehumet
Wu Jian
Zin
The Shining One

Annotations:
D:4 Sigmund


Innate Abilities, Weirdness & Mutations

Your life essence is reduced to manifest your ancestor. (-10% HP)
You have sharp claws.
You have razor-sharp teeth.
You have supernaturally acute eyesight. (SInv)
You cover ground quickly. (Speed+)
You are covered in thick fur. (AC +2)
Your paws help you pounce on unaware monsters.
You are incapable of wielding weapons or throwing items.
You cannot wear armour.
You gain extra lives every three experience levels.
Your muscles are very strong. (Str +8, Int/Dex -2)


Message History

A gnoll sergeant and 3 gnolls come into view.
The gnoll shouts!
The gnoll sergeant shouts!
The gnoll shouts! x2
You see here a +0 spear.
The gnoll hits Whiskers but does no damage.
The gnoll sergeant completely misses you.
You swap places.
Whiskers hits the gnoll with a +0 flail.
You see here a +0 spear.
Casting: Freeze (safe; 1% risk of failure)
Confirm with . or Enter, or press ? or * to list all spells.
The spell is quite dangerous to miscast (6% risk of failure)!
Continue anyway?
Casting: Frozen Ramparts (quite dangerous; 6% risk of failure)
Press: ? - help, Dir - look around, f - activate The walls around you are covered in ice.
The wall freezes the gnoll.
The gnoll completely misses you.
The wall freezes the gnoll.
The wall freezes the gnoll sergeant.
The gnoll sergeant hits you from afar with a +0 trident!
Ouch! That really hurt!
Whiskers barely misses the gnoll.
The wall freezes the gnoll. x2
You kill the gnoll!
The wall freezes the gnoll sergeant.
The gnoll sergeant completely misses you.
The wall freezes the gnoll.
The wall freezes the gnoll sergeant.
The gnoll sergeant completely misses you.
Whiskers hits the gnoll sergeant but does no damage.
The wall freezes the gnoll.
The wall freezes the gnoll sergeant.
The gnoll sergeant misses you.
Whiskers hits the gnoll sergeant but does no damage.
The wall freezes the gnoll.
The wall freezes the gnoll sergeant.
The gnoll sergeant completely misses you.
The gnoll sergeant blocks Whiskers's attack.
The wall freezes the gnoll.
The wall freezes the gnoll sergeant.
The gnoll sergeant hits you from afar with a +0 trident!
You die...
The gnoll sergeant blocks Whiskers's attack.
You are now level 6!
You rejoin the land of the living...
Unknown command.
Are you sure you want to abandon this character and quit the game? (Confirm with "yes".)

#......# . #......#
..#......####
......[.......
.#.#..........
#.#..........
.............
#.#######.#.##.........
#.....@...#. #.........
.......##### ######....
....... #.... .......
#.... ......# #....
#####. ######.... ..
.......... #.
########## .....


There were no monsters in sight!

Vanquished Creatures
  A water moccasin (D:5)
  A scorpion (D:3)
  An orc priest (D:3)
  Crazy Yiuf (D:4)
  An orc wizard (D:3)
  2 adders
  3 gnolls
  A worm (D:5)
  8 orcs
  7 endoplasms
  5 giant cockroaches
  13 goblins
  8 hobgoblins
  6 jackals
  3 quokkas
  2 ball pythons
  5 bats
  2 frilled lizards (D:2)
  5 kobolds (D:1)
  7 rats
  A spectral kobold (D:2)
83 creatures vanquished.

Vanquished Creatures (collateral kills)
  Edmund (D:4)
  An ogre (D:5)
  A phantom (D:5)
  A necrophage (D:6)
  4 scorpions
  2 jellies
  A hound (D:4)
  3 iguanas
  Natasha (D:4)
  Robin (D:2)
  An adder (D:4)
  2 gnolls (D:5)
  A white imp (D:3)
  3 ufetubi
  2 worms (D:4)
  2 dart slugs
  2 orcs (D:3)
  A ball python (D:4)
  2 endoplasms
  2 giant cockroaches
  3 goblins (D:2)
  A hobgoblin (D:2)
  A kobold (D:3)
  A rat (D:3)
40 creatures vanquished.

Vanquished Creatures (others)
  2 fungi (D:4)
2 creatures vanquished.

Grand Total: 125 creatures vanquished

Notes
Turn   | Place    | Note
-------+----------+-------------------------------------------
     0 | D:1      | lesbiats the Felid Ice Elementalist began the quest for the
                  | Orb.
     0 | D:1      | Reached XP level 1. HP: 7/7 MP: 4/4
   111 | D:1      | Reached skill level 3 in Dodging
   111 | D:1      | Reached XP level 2. HP: 9/11 MP: 0/6
  1058 | D:1      | Reached XP level 3. HP: 8/15 MP: 4/7
  1201 | D:1      | Learned a level 3 spell: Frozen Ramparts
  1896 | D:2      | Found a faded altar of an unknown god.
  2037 | D:2      | Prayed at the altar of an unknown god.
  2037 | D:2      | Became a worshipper of Hepliaklqana the Forgotten
  2037 | D:2      | Reached * piety under Hepliaklqana
  2162 | D:2      | Identified the -1 pair of gloves of Mysticism {+Inv rPois
                  | rF- Will++}
  2300 | D:2      | Noticed Robin
  2315 | D:2      | Killed Robin
  2316 | D:2      | Reached skill level 1 in Fighting
  2325 | D:2      | Reached XP level 4. HP: 10/17 MP: 0/9
  2664 | D:2      | Found a glowing golden altar of the Shining One.
  3082 | D:3      | Reached ** piety under Hepliaklqana
  3086 | D:3      | Remembered your ancestor Whiskers as a knight
  3391 | D:3      | Reached skill level 4 in Dodging
  3457 | D:3      | Learned a level 3 spell: Ozocubu's Armour
  3558 | D:3      | Identified the amulet of Ylician {Reflect rC- Dex+5 SH+5
                  | Stlth+}
  3685 | D:3      | Noticed a scorpion
  3693 | D:3      | Killed a scorpion
  3694 | D:3      | Reached XP level 5. HP: 14/19 MP: 5/10
  3813 | D:3      | Found an ornate altar of the Wu Jian Council.
  3868 | D:3      | Reached skill level 1 in Invocations
  3868 | D:3      | Gained mutation: You are covered in thick fur. (AC +2)
                  | [Felid growth]
  3868 | D:3      | Reached XP level 6. HP: 21/23 MP: 8/12
  3891 | D:3      | Learned a level 4 spell: Hailstorm
  4091 | D:4      | Reached skill level 5 in Dodging
  4222 | D:4      | Noticed Natasha
  4227 | D:4      | Killed Natasha
  4228 | D:4      | Noticed Edmund
  4238 | D:4      | HP: 1/23 [Edmund/+1 dire flail of protection (12)]
  4240 | D:4      | Killed Edmund
  4383 | D:4      | Noticed Sigmund
  4483 | D:4      | Reached XP level 7. HP: 27/27 MP: 9/13
  4620 | D:4      | Gained mutation: You are partially covered in large bone
                  | plates. (SH +4) [potion of mutation]
  4620 | D:4      | Gained mutation: You expend magic power (3 MP) to
                  | strengthen your wands. [potion of mutation]
  4620 | D:4      | Gained mutation: Your spells are a little easier to cast,
                  | but a little less powerful. [potion of mutation]
  4620 | D:4      | Gained mutation: You passively dampen the noise of your
                  | surroundings. [potion of mutation]
  4621 | D:4      | Lost mutation: You expend magic power (3 MP) to strengthen
                  | your wands. [potion of mutation]
  4621 | D:4      | Lost mutation: Your spells are a little easier to cast, but
                  | a little less powerful. [potion of mutation]
  4621 | D:4      | Lost mutation: You are partially covered in large bone
                  | plates. (SH +4) [potion of mutation]
  4621 | D:4      | Gained mutation: Your flesh is cold resistant. (rC+)
                  | [potion of mutation]
  4621 | D:4      | Gained mutation: You have hidden genetic defects. [potion
                  | of mutation]
  4621 | D:4      | Gained mutation: Your muscles are strong. (Str +4, Int/Dex
                  | -1) [potion of mutation]
  4622 | D:4      | Lost mutation: You have hidden genetic defects. [potion of
                  | mutation]
  4622 | D:4      | Lost mutation: Your flesh is cold resistant. (rC+) [potion
                  | of mutation]
  4622 | D:4      | Lost mutation: You passively dampen the noise of your
                  | surroundings. [potion of mutation]
  4622 | D:4      | Gained mutation: Your muscles are very strong. (Str +8,
                  | Int/Dex -2) [potion of mutation]
  4815 | D:4      | Found a glowing golden altar of the Shining One.
  5110 | D:4      | Found a runed translucent door.
  5111 | D:4      | Noticed Crazy Yiuf
  5115 | D:4      | Slain by Crazy Yiuf
  5116 | D:4      | Reached XP level 6. HP: -5/23 MP: 12/12
  5191 | D:4      | Killed Crazy Yiuf
  5192 | D:4      | Reached skill level 1 in Conjurations
  5324 | D:5      | Entered Level 5 of the Dungeon
  6143 | D:5      | Noticed a water moccasin
  6157 | D:5      | Killed a water moccasin
  6158 | D:5      | Reached skill level 6 in Dodging
  6158 | D:5      | Reached skill level 5 in Stealth
  6158 | D:5      | Reached XP level 7. HP: 22/27 MP: 9/14
  6224 | D:5      | Reached *** piety under Hepliaklqana
  6289 | D:5      | Found a sacrificial altar of Ru.
  6289 | D:5      | Found a stormy altar of Qazlal.
  6289 | D:5      | Found a burning altar of Makhleb.
  6289 | D:5      | Found a glowing silver altar of Zin.
  6290 | D:5      | Found a white marble altar of Elyvilon.
  6290 | D:5      | Found a shadowy altar of Dithmenos.
  6292 | D:5      | Found an ancient bone altar of Kikubaaqudgha.
  6292 | D:5      | Found a sparkling altar of Nemelex Xobeh.
  6292 | D:5      | Found a radiant altar of Vehumet.
  6428 | D:5      | Found a staircase to the Ecumenical Temple.
  6612 | D:5      | Found a hazy altar of Hepliaklqana.
  7105 | D:6      | Found a bloodstained altar of Trog.
  7524 | D:6      | Slain by a gnoll sergeant
  7525 | D:6      | Reached XP level 6. HP: 0/25 MP: 12/14
  7525 | D:6      | Quit the game

Illustrated notes

Levels and vault maps discovered:
D:1:      shiori_arrival_oz, layout_loops_corners, minmay_pentomino_z4
D:2:      layout_basic, serial_rivers, chequers_serial_rivers_micro_e,
          chequers_serial_rivers_micro_c, chequers_serial_rivers_room_a,
          chequers_serial_rivers_micro_e, chequers_serial_rivers_micro_d,
          chequers_serial_rivers_small_3, basic_altar,
          dreamdust_ecumenical_altar_drowned_temple, minivault_25,
          minmay_fountain_box, uniq_robin
D:3:      layout_basic, nzn_wu_jian_council_hall, chequers_mini_garden,
          chequers_serial_rivers_large_b
D:4:      layout_loops_ring, marbit_many_paths, sigmund_edmund_badplayer,
          uniq_natasha, uniq_crazy_yiuf_cottage
D:5:      layout_basic, overflow_temple_1_default, nicolae_overflows_in_rows,
          minmay_temple_entry_large_hall, st_stairs_5, grunt_ministairs_4
D:6:      layout_basic, trog_butcher_becter

Skill      XL: |  1  2  3  4  5  6  7 |
---------------+----------------------+-----
Stealth        | 3 4 5 |  5.4
Dodging        | 3 4 6 |  6.8
Fighting       | 1 2 3 |  3.0
Ice Magic      | 4 |  4.9
Spellcasting   | 3 4 |  4.7
Invocations    | 1 2 |  2.6
Conjurations   | 1 2 |  2.3

Action                   |  1- 3 |  4- 6 |  7- 9 || total
-------------------------+-------+-------+-------++-------
Melee: Unarmed           |    12 |     8 |     4 ||    24
       Bite              |       |       |     2 ||     2
       Punch             |       |       |     1 ||     1
 Cast: Freeze            |    54 |    58 |    38 ||   150
       Frozen Ramparts   |     1 |     5 |     1 ||     7
       Ozocubu's Armour  |       |     1 |       ||     1
Invok: Ancestor Identity |     2 |       |       ||     2
       Recall Ancestor   |       |     8 |     1 ||     9
       Ancestor Life: Kn |       |     1 |       ||     1
  Use: Potion            |       |     3 |     4 ||     7
       Scroll            |       |     1 |     4 ||     5
Armor: Skin              |     4 |     8 |       ||    12
Dodge: Dodged            |    43 |    57 |    36 ||   136
Block: Other             |       |    14 |     7 ||    21

Table legend: (Time is in decaauts)
 A = Elapsed time spent in this place.
 B = Non-inter-level travel time spent in this place.
 C = Inter-level travel time spent in this place.
 D = Time resting spent in this place.
 E = Time spent auto-exploring this place.
 F = Levels seen in this place.
 G = Mean time per level.
                   A        B        C        D        E       F      G
               +--------+--------+--------+--------+--------+-----+--------+
         Total |   6664 |   6414 |    250 |   2177 |   2959 |   6 | 1110.7 |
       Dungeon |   6664 |   6414 |    250 |   2177 |   2959 |   6 | 1110.7 |
               +--------+--------+--------+--------+--------+-----+--------+

Top non-repeatable levels by time:
     D:1: 1638 daAuts
     D:5: 1358 daAuts
     D:4: 1083 daAuts
     D:2: 1064 daAuts
     D:3: 891 daAuts
     D:6: 627 daAuts
